 Dungeon Crawl Stone Soup version 0.20.0-15-g7f486f2 (webtiles) character file.

102 NoAnimeNoLife the Cudgeler (level 4, -7/35 HPs)
             Began as a Demonspawn Fighter on June 13, 2017.
             Killed by divine providence
             ... invoked by an orc priest
              (12 damage)
             ... on level 3 of the Dungeon.
             The game lasted 00:02:03 (1783 turns).

NoAnimeNoLife the Cudgeler (Demonspawn Fighter)     Turns: 1783, Time: 00:02:05

Health: -7/35      AC: 10    Str: 16    XL:     4   Next: 50%
Magic:  4/4        EV:  4    Int:  9    God:
Gold:   149        SH:  8    Dex: 14    Spells: 3/3 levels left

rFire    . . .     SeeInvis .   a - +0 flail
rCold    . . .     Gourm    .   c - +0 shield
rNeg     . . .     Faith    .   h - +0 chain mail
rPois    .         Spirit   .   (no helmet)
rElec    .         Reflect  .   (no cloak)
rCorr    .         Harm     .   (no gloves)
MR       .....                  (no boots)
Stlth    ..........             (no amulet)
Regen    0.2/turn               g - ring of flight
MPRegen  0.1/turn               o - ring of wizardry

@: no status effects
A: thin metallic scales 1, powered by pain 1
a: Evoke Flight


You were on level 3 of the Dungeon.
You were very hungry.

You visited 1 branch of the dungeon, and saw 3 of its levels.

You collected 149 gold pieces.

Inventory:

Hand Weapons
 a - a +0 flail (weapon)
Armour
 b - a +0 scale mail
 c - a +0 shield (worn)
 h - a +0 chain mail (worn)
Jewellery
 g - a ring of flight (left hand)
 o - a ring of wizardry (right hand)
Wands
 m - a wand of confusion (35/48)
Scrolls
 e - 4 scrolls of identify {unknown}
 k - 4 scrolls of remove curse {unknown}
 p - 3 scrolls of magic mapping {unknown}
 r - a scroll of amnesia {unknown}
Potions
 d - a potion of cancellation {unknown}
 i - 2 potions of flight {unknown}
 l - a potion of haste {unknown}
 q - a potion of agility {unknown}
Comestibles
 f - 2 bread rations
 j - 2 royal jellies
 n - a meat ration


   Skills:
 - Level 3.0 Fighting
 + Level 4.3 Maces & Flails
 - Level 2.6 Armour
 - Level 2.6 Shields


You had 3 spell levels left.
You didn't know any spells.

Dungeon Overview and Level Annotations

Branches:
Dungeon (3/15)

Altars:


Innate Abilities, Weirdness & Mutations

You are partially covered in thin metallic scales. (AC +2)
You sometimes gain a little power by taking damage.


Message History

The jackal bites you but does no damage.
The orc hits you but does no damage. The orc priest closely misses you.
The orc hits you but does no damage.
The jackal bites you but does no damage.
You closely miss the jackal.
The jackal is heavily wounded.
You block the jackal's attack.
The jackal bites you but does no damage.
You thump the jackal!
You kill the jackal!
You block the jackal's attack.
The jackal bites you but does no damage.
You hit the orc.
You kill the orc!
The jackal bites you but does no damage.
The orc priest casts a cantrip, but nothing happens.
The jackal bites you but does no damage.
The orc priest calls down the wrath of Beogh upon you.
Beogh smites you!
You die...

#.....# .#
#.##..### #(......+
..#####.....###
.......(....# ##
#..#........#######
#....o..........
#..##h#.#..#..#
#.... #@).........
#...# ###.#.......
.....#####.#.##..#.
.#..........)......
..................
#########..##.<.
..# . .... ..##.


You could see an orc priest and a jackal.

Vanquished Creatures
  Robin (D:2)
  An adder (D:2)
  2 worms
  6 dart slugs
  3 orcs (D:3)
  6 bats
  3 giant cockroaches
  11 goblins
  8 hobgoblins
  2 jackals (D:3)
  5 kobolds
  A quokka (D:1)
  3 frilled lizards
  6 rats
58 creatures vanquished.

Notes
Turn   | Place    | Note
-------+----------+-------------------------------------------
     0 | D:1      | NoAnimeNoLife the Demonspawn Fighter began the quest for the Orb.
     0 | D:1      | Reached XP level 1. HP: 18/18 MP: 1/1
    84 | D:1      | Reached skill level 2 in Maces & Flails
   217 | D:1      | Gained mutation: You sometimes gain a little power by taking damage. [demonic ancestry]
   217 | D:1      | Reached XP level 2. HP: 23/24 MP: 2/2
   661 | D:1      | Reached skill level 3 in Maces & Flails
   855 | D:2      | Reached XP level 3. HP: 27/29 MP: 3/3
  1027 | D:2      | Noticed Robin
  1046 | D:2      | Killed Robin
  1296 | D:2      | Gained mutation: You are partially covered in thin metallic scales. (AC +2) [demonic ancestry]
  1296 | D:2      | Reached XP level 4. HP: 30/35 MP: 4/4
  1340 | D:2      | Reached skill level 4 in Maces & Flails
  1783 | D:3      | Killed from afar by an orc priest

Skill      XL: |  1  2  3  4 |
---------------+-------------+-----
Maces & Flails | 2 3 4 |  4.3
Fighting       | |  3.0
Armour         | |  2.6
Shields        | |  2.6

Action                   |  1- 3 |  4- 6 || total
-------------------------+-------+-------++-------
Melee: Flail             |   156 |    75 ||   231
  Use: Potion            |     1 |       ||     1
  Eat: Chunk             |     2 |       ||     2
Armor: Chain mail        |    87 |    69 ||   156
       Scale mail        |     8 |       ||     8
Dodge: Dodged            |    23 |    14 ||    37
Block: Shield            |    67 |    46 ||   113
